 Dungeon Crawl Stone Soup version 0.21.1-1-g345015f (webtiles) character file.

108 iamserjio the Sneak (level 4, 1/38 HPs)
             Began as a Gnoll Assassin on June 24, 2018.
             Quit the game on level 4 of the Dungeon.
             The game lasted 00:03:28 (296 turns).

iamserjio the Sneak (Gnoll Assassin)                 Turns: 296, Time: 00:03:28

Health: 1/38       AC:  3    Str: 13    XL:     4   Next: 87%
Magic:  5/5        EV: 13    Int: 15    God:
Gold:   72         SH:  0    Dex: 16    Spells: 5/5 levels left

rFire    . . .     SeeInvis .   a - +2 dagger
rCold    . . .     Gourm    .   (no shield)
rNeg     . . .     Faith    .   c - +0 robe
rPois    .         Spirit   .   (no helmet)
rElec    .         Reflect  .   d - +0 cloak
rCorr    .         Harm     .   (no gloves)
MR       .....                  (no boots)
Stlth    ++++......             (no amulet)
HPRegen  0.12/turn              (no ring)
MPRegen  0.09/turn              (no ring)

@: lethally poisoned (1 -> -3)
A: distributed training, fangs 1, strong nose
a: no special abilities


You were on level 4 of the Dungeon.
You were not hungry.

You visited 1 branch of the dungeon, and saw 4 of its levels.

You collected 72 gold pieces.

Inventory:

Hand Weapons
 a - a +2 dagger (weapon)
 b - a +0 blowgun
Missiles
 e - 24 poisoned needles
 f - a curare-tipped needle {!f}
Armour
 c - a +0 robe (worn)
 d - a +0 cloak (worn)
 i - a +0 ring mail
Scrolls
 j - 2 scrolls of remove curse {unknown}
 k - a scroll of identify {unknown}
 l - 2 scrolls of enchant armour {unknown}
Comestibles
 g - 3 rations


   Skills:
 + Level 4.7 Fighting
 + Level 4.7 Short Blades
 + Level 1.2 Long Blades
 + Level 1.2 Axes
 + Level 1.2 Maces & Flails
 + Level 1.2 Polearms
 + Level 1.2 Staves
 + Level 1.2 Slings
 + Level 1.2 Bows
 + Level 1.2 Crossbows
 + Level 4.7 Throwing
 + Level 1.2 Armour
 + Level 2.8 Dodging
 + Level 7.8 Stealth
 + Level 1.2 Shields
 + Level 1.2 Unarmed Combat
 + Level 1.2 Spellcasting
 + Level 1.0 Conjurations
 + Level 1.0 Hexes
 + Level 1.0 Charms
 + Level 1.0 Summonings
 + Level 1.0 Necromancy
 + Level 1.0 Translocations
 + Level 1.0 Transmutations
 + Level 1.0 Fire Magic
 + Level 1.0 Ice Magic
 + Level 1.0 Air Magic
 + Level 1.0 Earth Magic
 + Level 1.0 Poison Magic
 + Level 1.3 Invocations
 + Level 1.2 Evocations


You had 5 spell levels left.
You didn't know any spells.

Dungeon Overview and Level Annotations

Branches:
Dungeon (4/15)
 Temple: D:4-7

Altars:
Trog


Innate Abilities, Weirdness & Mutations

Your experience applies equally to all skills.
You have very sharp teeth.
Your uncanny sense of smell can sniff out nearby items.


Message History

The scorpion stings you.
* * * LOW HITPOINT WARNING * * *
You are lethally poisoned!
The scorpion poisons you!
You hit the scorpion but do no damage.
You bite the scorpion, but do no damage.
The scorpion is almost dead.
* * * LOW HITPOINT WARNING * * *
You feel sick. The scorpion closely misses you.
As you read the scroll labeled HOMAXYILUA, it crumbles to dust.
You hear a loud clanging noise!
It was a scroll of noise.
You hear a shout! x4
The scorpion misses you.
Okay, then.
You hit the scorpion but do no damage.
The scorpion is almost dead.
* * * LOW HITPOINT WARNING * * *
You feel sick. The scorpion closely misses you.
Are you sure you want to abandon this character and quit the game? (Confirm with "yes".)

..##...........
..##...............[....
.........#....#..!.....#
............#.#........#
..##.....#..#>#.........
..##..(.................
..............#........#
.........#..#.#........#
.........#..#.#.@s.....#
.........#..............
.........#..#.#.#.####.#
........##..#.#.#.#
........##.........
..###.####..#.#.#.#. #.#
#.# #..#....... #.# #.#
#..###.#.#.# ... ..#
#..# #.#.#.#


You could see a scorpion.

Vanquished Creatures
  A bullfrog skeleton (D:4)
  2 orc wizards (D:4)
  2 adder skeletons (D:4)
  A worm (D:2)
  A leopard gecko (D:1)
  2 orcs (D:4)
  A giant cockroach (D:4)
  A goblin (D:1)
  A hobgoblin (D:1)
  2 bats (D:1)
14 creatures vanquished.

Notes
Turn   | Place    | Note
-------+----------+-------------------------------------------
     0 | D:1      | iamserjio the Gnoll Assassin began the quest for the Orb.
     0 | D:1      | Reached XP level 1. HP: 20/20 MP: 1/1
    64 | D:2      | Reached XP level 2. HP: 8/26 MP: 2/2
   113 | D:3      | Found a bloodstained altar of Trog.
   207 | D:4      | Reached skill level 1 in Invocations
   207 | D:4      | Reached XP level 3. HP: 15/31 MP: 2/4
   212 | D:4      | HP: 1/31 [bullfrog skeleton (7)]
   217 | D:4      | Reached skill level 1 in Long Blades
   217 | D:4      | Reached skill level 1 in Axes
   217 | D:4      | Reached skill level 1 in Maces & Flails
   217 | D:4      | Reached skill level 1 in Polearms
   217 | D:4      | Reached skill level 1 in Staves
   217 | D:4      | Reached skill level 1 in Slings
   217 | D:4      | Reached skill level 1 in Bows
   217 | D:4      | Reached skill level 1 in Crossbows
   217 | D:4      | Reached skill level 1 in Armour
   217 | D:4      | Reached skill level 1 in Shields
   217 | D:4      | Reached skill level 1 in Unarmed Combat
   217 | D:4      | Reached skill level 1 in Spellcasting
   217 | D:4      | Reached skill level 1 in Evocations
   217 | D:4      | Reached XP level 4. HP: 33/38 MP: 2/5
   237 | D:4      | Reached skill level 1 in Conjurations
   237 | D:4      | Reached skill level 1 in Hexes
   237 | D:4      | Reached skill level 1 in Charms
   237 | D:4      | Reached skill level 1 in Summonings
   237 | D:4      | Reached skill level 1 in Necromancy
   237 | D:4      | Reached skill level 1 in Translocations
   237 | D:4      | Reached skill level 1 in Transmutations
   237 | D:4      | Reached skill level 1 in Fire Magic
   237 | D:4      | Reached skill level 1 in Ice Magic
   237 | D:4      | Reached skill level 1 in Air Magic
   237 | D:4      | Reached skill level 1 in Earth Magic
   237 | D:4      | Reached skill level 1 in Poison Magic
   295 | D:4      | HP: 1/38 [poisoned by a scorpion]
   296 | D:4      | Quit the game

Skill      XL: |  1  2  3  4 |
---------------+-------------+-----
Invocations    | 1 |  1.3
Long Blades    | 1 |  1.2
Axes           | 1 |  1.2
Maces & Flails | 1 |  1.2
Polearms       | 1 |  1.2
Staves         | 1 |  1.2
Slings         | 1 |  1.2
Bows           | 1 |  1.2
Crossbows      | 1 |  1.2
Armour         | 1 |  1.2
Shields        | 1 |  1.2
Unarmed Combat | 1 |  1.2
Spellcasting   | 1 |  1.2
Evocations     | 1 |  1.2
Conjurations   | 1 |  1.0
Hexes          | 1 |  1.0
Charms         | 1 |  1.0
Summonings     | 1 |  1.0
Necromancy     | 1 |  1.0
Translocations | 1 |  1.0
Transmutations | 1 |  1.0
Fire Magic     | 1 |  1.0
Ice Magic      | 1 |  1.0
Air Magic      | 1 |  1.0
Earth Magic    | 1 |  1.0
Poison Magic   | 1 |  1.0
Fighting       | |  4.7
Short Blades   | |  4.7
Throwing       | |  4.7
Dodging        | |  2.8
Stealth        | |  7.8

Action                   |  1- 3 |  4- 6 || total
-------------------------+-------+-------++-------
Melee: Dagger            |    43 |    23 ||    66
       Bite              |     5 |     5 ||    10
 Fire: Blowgun           |     2 |     1 ||     3
Evoke: Wand              |       |     1 ||     1
  Use: Potion            |     1 |       ||     1
       Scroll            |       |     1 ||     1
 Stab: Distracted        |     1 |       ||     1
       Sleeping          |     2 |       ||     2
Armor: Robe              |     6 |     3 ||     9
Dodge: Dodged            |    11 |    16 ||    27
